 Dungeon Crawl Stone Soup version 0.28.0-1-gb440e238dd (webtiles) character file.

Game seed: 3215315826663970354

286 Ablot the Grasshopper (level 6, -1/50 HPs)
             Began as a Gnoll Warper on Feb 26, 2022.
             Slain by an ogre (34 damage)
             ... on level 4 of the Dungeon.
             The game lasted 00:04:40 (4402 turns).

Ablot the Grasshopper (Gnoll Warper)                Turns: 4402, Time: 00:04:41

Health: -1/50      AC:  3    Str: 12    XL:     6   Next: 30%
Magic:  14/14      EV: 13    Int: 12    God:
Gold:   120        SH:  0    Dex: 12    Spells: 13/15 levels left

rFire   . . .      SeeInvis .   a - +0 trident
rCold   . . .      Faith    .   (no shield)
rNeg    . . .      Spirit   .   b - +0 leather armour
rPois   .          Reflect  .   (no helmet)
rElec   .          Harm     .   (no cloak)
rCorr   .          Rampage  .   (no gloves)
Will    .....                   (no boots)
Stlth   ++........              (no amulet)
HPRegen 0.16/turn               (no ring)
MPRegen 0.14/turn               (no ring)

@: no status effects
A: fangs 1, strong nose, distributed training
a: no special abilities


You were on level 4 of the Dungeon.
You visited 1 branch of the dungeon, and saw 4 of its levels.

You collected 120 gold pieces.

Inventory:

Hand Weapons
 a - a +0 trident (weapon)
Missiles
 d - 5 boomerangs of dispersal
 f - 114 stones
 h - 4 javelins
 n - 11 poisoned darts (quivered)
 q - 30 sling bullets
 s - 45 bolts
 u - 2 boomerangs
Armour
 b - a +0 leather armour (worn)
Magical Staves
 p - a staff of fire
Scrolls
 c - 2 scrolls of blinking
 e - a scroll of holy word {unknown}
 g - 2 scrolls of enchant weapon {unknown}
 i - a scroll of immolation {unknown}
 j - a scroll of identify {unknown}
 l - 2 scrolls of fog {unknown}
 m - a scroll of magic mapping {unknown}
 r - a scroll of acquirement {unknown}
 t - a scroll of teleportation {unknown}
Potions
 k - a potion of lignification {unknown}
 o - a potion of curing {unknown}


   Skills:
 + Level 4.9 Fighting
 + Level 1.9 Short Blades
 + Level 1.9 Long Blades
 + Level 1.9 Axes
 + Level 1.9 Maces & Flails
 + Level 4.9 Polearms
 + Level 1.9 Staves
 + Level 1.9 Slings
 + Level 1.9 Bows
 + Level 1.9 Crossbows
 + Level 3.2 Throwing
 + Level 3.2 Armour
 + Level 4.9 Dodging
 + Level 1.9 Stealth
 + Level 1.9 Shields
 + Level 1.9 Unarmed Combat
 + Level 5.3 Spellcasting
 + Level 1.5 Conjurations
 + Level 1.5 Hexes
 + Level 1.5 Summonings
 + Level 1.5 Necromancy
 + Level 5.6 Translocations
 + Level 1.5 Transmutations
 + Level 1.5 Fire Magic
 + Level 1.5 Ice Magic
 + Level 1.5 Air Magic
 + Level 1.5 Earth Magic
 + Level 1.5 Poison Magic
 + Level 2.1 Invocations
 + Level 1.9 Evocations


You had 13 spell levels left.
You knew the following spells:

 Your Spells              Type           Power      Damage    Failure   Level
a - Blink                 Tloc           32%        N/A       3%          2

Your spell library contained the following spells:

 Spells                   Type           Power      Damage    Failure   Level
 Gell's Gravitas          Tloc           16%        N/A       7%          3
 Lesser Beckoning         Tloc           16%        N/A       7%          3
 Teleport Other           Tloc           16%        N/A       7%          3
 Beastly Appendage        Tmut           12%        N/A       13%         1
 Wereblood                Tmut           6%         N/A       21%         2
 Spider Form              Tmut/Pois      6%         N/A       36%         3
 Manifold Assault         Tloc           16%        N/A       54%         5


Dungeon Overview and Level Annotations

Branches:
Dungeon (4/15)
 Temple: D:4-7

Altars:
Nemelex Xobeh


Innate Abilities, Weirdness & Mutations

You have very sharp teeth.
Your uncanny sense of smell can sniff out nearby items.
Your experience applies equally to all skills.


Message History

You kill the orc!
Unknown command.
g - 2 scrolls labelled IHAOTY LEXOC (gained 1)
You now have 120 gold pieces (gained 9).
Items here: ))) [ ††.
Okay, then.
Things that are here:
a +0 mace; a +0 leather armour
There is a stone staircase leading up, spattered with blood here.
You start resting.
An endoplasm comes into view.
Things that are here:
a +0 club; a goblin skeleton
Things that are here:
a +0 dagger; an orc skeleton You reach to attack!
You barely miss the endoplasm. You barely miss the endoplasm.
The endoplasm misses you.
You hit the endoplasm.
The endoplasm is moderately wounded.
The endoplasm misses you.
You hit the endoplasm.
You kill the endoplasm!
An ogre comes into view. It is wielding a +0 giant spiked club.
The ogre shouts!
You hit the ogre.
The ogre is lightly wounded.
The ogre hits you with a +0 giant spiked club!
You puncture the ogre!
The ogre is moderately wounded.
The ogre closely misses you.
You barely miss the ogre.
The ogre is moderately wounded.
You hit the ogre.
The ogre is severely wounded.
The ogre hits you but does no damage.
You puncture the ogre!
The ogre is almost dead.
The ogre hits you with a +0 giant spiked club!!
Ouch! That really hurt!
You die...

..........##................
.........B..............>..
...............>...........
#....o.####.###))......#
#.....# ##.###.........
#..<..# #.$.#.<.....#..
####...>##...#.).....#.
#..#.##...#..........
##.....O@...).....#..
#....#.....[.....# .
#.##........##[(.#
.###......).###...
........÷.......
#..###............. .#
....##.#.##.##.
##....#####.#.# .# . .####
#.#.. #


You could see an ogre.

Vanquished Creatures
  A centaur skeleton (D:4)
  An iguana (D:4)
  An orc wizard (D:3)
  7 gnolls
  6 adders
  A worm (D:2)
  11 orcs
  4 ball pythons
  6 bats
  8 endoplasms
  5 giant cockroaches
  3 goblins
  3 hobgoblins
  3 quokkas
  5 frilled lizards
  8 kobolds
  2 rats
  A bush (D:1)
76 creatures vanquished.

Vanquished Creatures (others)
  A plant (D:1)
1 creature vanquished.

Grand Total: 77 creatures vanquished

Notes
Turn   | Place    | Note
-------+----------+-------------------------------------------
     0 | D:1      | Ablot the Gnoll Warper began the quest for the Orb.
     0 | D:1      | Reached XP level 1. HP: 20/20 MP: 6/6
    95 | D:1      | Reached XP level 2. HP: 24/26 MP: 7/7
    98 | D:1      | Learned a level 2 spell: Blink
   169 | D:1      | Found a faded altar of an unknown god.
  1341 | D:2      | Reached XP level 3. HP: 31/31 MP: 9/9
  1452 | D:2      | Reached skill level 5 in Spellcasting
  1608 | D:2      | Reached skill level 1 in Invocations
  1843 | D:2      | Reached skill level 1 in Short Blades
  1843 | D:2      | Reached skill level 1 in Long Blades
  1843 | D:2      | Reached skill level 1 in Axes
  1843 | D:2      | Reached skill level 1 in Maces & Flails
  1843 | D:2      | Reached skill level 1 in Staves
  1843 | D:2      | Reached skill level 1 in Slings
  1843 | D:2      | Reached skill level 1 in Bows
  1843 | D:2      | Reached skill level 1 in Crossbows
  1843 | D:2      | Reached skill level 1 in Stealth
  1843 | D:2      | Reached skill level 1 in Shields
  1843 | D:2      | Reached skill level 1 in Unarmed Combat
  1843 | D:2      | Reached skill level 1 in Evocations
  1969 | D:2      | Reached XP level 4. HP: 37/38 MP: 11/11
  2932 | D:3      | Found a sparkling altar of Nemelex Xobeh.
  3138 | D:3      | Reached skill level 1 in Conjurations
  3138 | D:3      | Reached skill level 1 in Hexes
  3138 | D:3      | Reached skill level 1 in Summonings
  3138 | D:3      | Reached skill level 1 in Necromancy
  3138 | D:3      | Reached skill level 1 in Transmutations
  3138 | D:3      | Reached skill level 1 in Fire Magic
  3138 | D:3      | Reached skill level 1 in Ice Magic
  3138 | D:3      | Reached skill level 1 in Air Magic
  3138 | D:3      | Reached skill level 1 in Earth Magic
  3138 | D:3      | Reached skill level 1 in Poison Magic
  3508 | D:3      | Reached XP level 5. HP: 36/43 MP: 12/12
  4061 | D:4      | Reached XP level 6. HP: 42/50 MP: 13/13
  4402 | D:4      | Slain by an ogre

Illustrated notes

Levels and vault maps discovered:
D:1:      ebering_trefoil_twist, layout_rooms, serial_forest,
          infiniplex_forest_clump_small, infiniplex_forest_clump_double,
          infiniplex_forest_straight_3, infiniplex_forest_diagonal,
          infiniplex_forest_zigzag_1, infiniplex_forest_straight_5,
          infiniplex_forest_end_3, infiniplex_forest_lined_ring,
          infiniplex_forest_lined_1, shapermc_ecumenical_altar_flowoftime,
          nicolae_concentric_dashed_squares_wild
D:2:      minmay_alternating_diamond, layout_loops_cross, roderic_lattice_a,
          feat_on_display
D:3:      layout_loops_cross, mainiacjoe_overflow_24_doors
D:4:      layout_rooms, chequers_temple_overflow_statue_of_worship, uniq_robin

Skill      XL: |  1  2  3  4  5 |
---------------+----------------+-----
Spellcasting   | 5 |  5.3
Invocations    | 1 2 |  2.1
Short Blades   | 1 |  1.9
Long Blades    | 1 |  1.9
Axes           | 1 |  1.9
Maces & Flails | 1 |  1.9
Staves         | 1 |  1.9
Slings         | 1 |  1.9
Bows           | 1 |  1.9
Crossbows      | 1 |  1.9
Stealth        | 1 |  1.9
Shields        | 1 |  1.9
Unarmed Combat | 1 |  1.9
Evocations     | 1 |  1.9
Conjurations   | 1 |  1.5
Hexes          | 1 |  1.5
Summonings     | 1 |  1.5
Necromancy     | 1 |  1.5
Transmutations | 1 |  1.5
Fire Magic     | 1 |  1.5
Ice Magic      | 1 |  1.5
Air Magic      | 1 |  1.5
Earth Magic    | 1 |  1.5
Poison Magic   | 1 |  1.5
Throwing       | 3 |  3.2
Armour         | 3 |  3.2
Fighting       | |  4.9
Polearms       | |  4.9
Dodging        | |  4.9
Translocations | |  5.6

Action                   |  1- 3 |  4- 6 || total
-------------------------+-------+-------++-------
Melee: Spear             |   403 |   125 ||   528
       Bite              |    59 |    22 ||    81
       Punch             |     7 |     3 ||    10
       Trident           |       |   127 ||   127
 Cast: Blink             |       |     1 ||     1
 Stab: Sleeping          |     2 |       ||     2
Armor: Leather armour    |    10 |    26 ||    36
Dodge: Dodged            |    45 |   152 ||   197
